 Seeded DCSS version 0.29.1-15-g9cfb28693d (webtiles) character file.

Game seed: 11721550145171638735 (custom seed)

1820 Twinkles the Covert (level 8, -3/62 HPs)
             Began as a Vampire Brigand on May 24, 2023.
             Was a Follower of Dithmenos.
             Slain by an acid dragon (12 damage)
             ... on level 7 of the Dungeon.
             The game lasted 00:09:38 (4973 turns).

Twinkles the Covert (Vampire Brigand)               Turns: 4973, Time: 00:09:39

Health: -3/62      AC:  4    Str:  7 (10) XL:     8   Next: 85%
Magic:  10/10      EV: 13    Int: 12 (13) God:    Dithmenos [*.....]
Gold:   239        SH:  0    Dex: 15 (18) Spells: 7/7 levels left

rFire   . . .      SeeInvis +   s - +1 dagger (venom)
rCold   . . .      Faith    .   (no shield)
rNeg    + . .      Spirit   .   y - +3 leather armour
rPois   .          Reflect  .   (no helmet)
rElec   .          Harm     .   A - +0 cloak
rCorr   .          Rampage  .   E - +0 pair of gloves
Will    .....                   (no boots)
Stlth   +++++.....              u - amulet of Vitality {RegenMP++ Regen++}
HPRegen 2.00/turn               C - ring of positive energy
MPRegen 0.92/turn               D - ring of wizardry

@: corroded, flying, healing quickly, wreathed by umbra
A: alive, fangs 3, see invisible, vampiric 2
a: Exsanguinate, Renounce Religion


You were on level 7 of the Dungeon.
You worshipped Dithmenos.
Dithmenos was aware of your devotion.
You visited 2 branches of the dungeon, and saw 8 of its levels.

You collected 239 gold pieces.

Inventory:

Hand Weapons
 a - a +2 dagger
 s - a +1 dagger of venom (weapon)
Missiles
 d - 19 poisoned darts (quivered)
 e - 3 curare-tipped darts
 j - 2 atropa-tipped darts
Armour
 y - a +3 leather armour (worn)
 A - a +0 cloak (worn)
 E - a +0 pair of gloves (worn)
Jewellery
 o - an amulet of faith
 u - the amulet of Vitality (around neck) {RegenMP++ Regen++}
   (You found it on level 2 of the Dungeon)

   [amulet of magic regeneration]

   It increases your rate of magic regeneration.
   Regen:     It increases your rate of health regeneration.
 C - a ring of positive energy (left hand)
 D - a ring of wizardry (right hand)
Wands
 q - a wand of paralysis (4)
 v - a wand of mindburst (9)
 F - a wand of roots (9)
Scrolls
 b - a scroll of summoning {unknown}
 c - a scroll of amnesia {unknown}
 g - 3 scrolls of poison {unknown}
 i - a scroll of noise {unknown}
 k - 4 scrolls of teleportation {unknown}
 l - 9 scrolls of identify {unknown}
 p - 2 scrolls of enchant weapon {unknown}
 x - a scroll of magic mapping {unknown}
 z - a scroll of torment {unknown}
 H - a scroll of fear {unknown}
Potions
 f - 2 potions of flight
 h - 2 potions of degeneration
 m - a potion of brilliance {unknown}
 n - 2 potions of magic {unknown}
 r - a potion of invisibility {unknown}
 t - a potion of resistance {unknown}
 w - a potion of curing {unknown}
 B - a potion of haste {unknown}
 G - a potion of heal wounds


   Skills:
 + Level 5.1 Fighting
 + Level 6.2 Short Blades
 - Level 1.9 Throwing
 + Level 5.7 Dodging
 + Level 10.0 Stealth
 + Level 3.6 Invocations


You had 7 spell levels left.
You didn't know any spells.
Your spell library was empty.

Dungeon Overview and Level Annotations

Branches:
Dungeon (7/15)             Temple (1/1) D:4

Altars:
Ashenzari
Cheibriados
Dithmenos
Gozag
Kikubaaqudgha
Makhleb
Nemelex Xobeh
Okawaru
Qazlal
Ru
Trog
Uskayaw
Vehumet
Wu Jian
Xom
Yredelemnul

Annotations:
D:4 2 runed translucent doors, kiddmuse's ghost, amateur DsGl
D:6 1 runed translucent door, workbot's ghost, novice MiBe


Innate Abilities, Weirdness & Mutations

Your natural rate of healing is accelerated.
You have razor-sharp teeth.
You have supernaturally acute eyesight. (SInv)
You are afflicted with vampirism and can become a bat while bloodless.


Message History

The acid dragon barely misses you.
The acid dragon claws you but does no damage.
You barely miss the acid dragon.
You bite the acid dragon, but do no damage.
The acid dragon is severely wounded.
You hit the acid dragon.
The acid dragon is severely wounded.
The acid dragon bites you. The acid dragon barely misses you.
You barely miss the acid dragon.
The acid dragon is severely wounded.
The acid dragon bites you! The acid dragon claws you.
* * * LOW HITPOINT WARNING * * *
You hit the acid dragon but do no damage.
The acid dragon is severely wounded.
You hit the acid dragon but do no damage.
The acid dragon is severely wounded.
The acid dragon spits acid at you. The splash of acid hits you.
* * * LOW HITPOINT WARNING * * *
You closely miss the acid dragon.
The acid dragon is severely wounded.
The acid dragon closely misses you. The acid dragon claws you.
* * * LOW HITPOINT WARNING * * *
You closely miss the acid dragon.
The acid dragon is almost dead.
You hit the acid dragon but do no damage.
You bite the acid dragon, but do no damage.
The acid dragon is almost dead.
The acid dragon misses you.
The acid dragon claws you but does no damage.
You hit the acid dragon but do no damage.
The acid dragon looks as sick as possible!
The acid dragon is almost dead.
The acid dragon bites you!
* * * LOW HITPOINT WARNING * * *
The acid dragon claws you.
* * * LOW HITPOINT WARNING * * *
The acid dragon attacks as you move away!
The acid dragon bites you!
You die...

#.... #. ##.#. ### .
# #... ..# .
#.##..######.# #
##### #..........#.#
.# ##....
########..####.#.##.#
##...## #.........#
#.#.#.# #####......
#.######..# #..#D#
.........## #.# #..#
###@#.# ######.#.†
#.# #..# #...#.#
#.#.# #.# #...
.......# #.#.# #.#
#..#####...### #.#.#
#.# #..# ##.## #.#..
#.######... ..#
########.###
#........ ###
#........# ...######
#.######## #...#
#.########


You could see an acid dragon (extremely poisoned, catching breath).

Vanquished Creatures
  Sigmund (D:6)
  A water moccasin (D:6)
  An orc warrior (D:6)
  An ice beast (D:5)
  2 ogres
  2 centaurs
  2 necrophages
  A bullfrog (D:6)
  A scorpion (D:5)
  A wyvern skeleton (D:6)
  A water moccasin skeleton (D:6)
  A bullfrog zombie (D:6)
  7 hounds
  2 jellies
  2 orc priests
  Ijyb (D:3)
  A bullfrog skeleton (D:6)
  2 orc wizards (D:4)
  A gnoll (D:6)
  11 adders
  3 shadow imps (D:6)
  An ufetubus (D:4)
  2 worms
  4 dart slugs
  15 orcs
  3 ball pythons
  4 endoplasms
  4 giant cockroaches
  8 goblins
  5 hobgoblins
  2 jackals (D:4)
  3 quokkas
  6 bats
  4 frilled lizards
  6 kobolds
  3 rats
115 creatures vanquished.

Vanquished Creatures (others)
  2 withered plants (D:6)
2 creatures vanquished.

Grand Total: 117 creatures vanquished

Notes
Turn   | Place    | Note
-------+----------+-------------------------------------------
     0 | D:1      | Twinkles the Vampire Brigand began the quest for the Orb.
     0 | D:1      | Reached XP level 1. HP: 16/16 MP: 1/1
    97 | D:1      | Reached skill level 6 in Stealth
   153 | D:1      | Found a faded altar of an unknown god.
   221 | D:1      | Reached XP level 2. HP: 22/22 MP: 2/2
   797 | D:2      | You fall into a shaft and drop 1 floor!
   877 | D:3      | Noticed Ijyb
   880 | D:3      | Killed Ijyb
   881 | D:3      | Gained mutation: You are afflicted with vampirism and can
                  | become a bat while bloodless. [Vampire growth]
   881 | D:3      | Reached XP level 3. HP: 27/27 MP: 3/3
  1052 | D:2      | Reached XP level 4. HP: 34/34 MP: 4/4
  1148 | D:2      | Found the amulet of Vitality {RegenMP++ Regen++}
  2048 | D:3      | Reached XP level 5. HP: 31/39 MP: 5/5
  2138 | D:4      | Reached skill level 7 in Stealth
  2286 | D:4      | Found a large runed translucent door.
  2286 | D:4      | Found a large runed translucent door.
  2287 | D:4      | Noticed kiddmuse's ghost (amateur DsGl)
  2375 | D:4      | Reached XP level 6. HP: 45/47 MP: 6/6
  2478 | D:4      | Found a staircase to the Ecumenical Temple.
  2552 | Temple   | Entered the Ecumenical Temple
  2552 | Temple   | Found a transporter.
  2552 | Temple   | Found a transporter.
  2554 | Temple   | Found a transporter.
  2554 | Temple   | Found a transporter.
  2590 | Temple   | Became a worshipper of Dithmenos the Shadowed
  3025 | D:5      | Entered Level 5 of the Dungeon
  3043 | D:5      | Reached skill level 1 in Invocations
  3149 | D:5      | Reached skill level 8 in Stealth
  3149 | D:5      | Reached XP level 7. HP: 52/52 MP: 7/7
  3582 | D:5      | Found a sacrificial altar of Ru.
  3930 | D:6      | Reached skill level 5 in Short Blades
  3964 | D:6      | Noticed Sigmund
  3976 | D:6      | Killed Sigmund
  3977 | D:6      | Reached skill level 9 in Stealth
  3977 | D:6      | Reached XP level 8. HP: 61/61 MP: 9/9
  3979 | D:6      | Reached * piety under Dithmenos
  4127 | D:6      | Reached skill level 5 in Dodging
  4313 | D:6      | Found a runed translucent door.
  4336 | D:6      | Noticed workbot's ghost (novice MiBe)
  4860 | D:7      | Reached skill level 5 in Fighting
  4865 | D:7      | Reached skill level 10 in Stealth
  4973 | D:7      | Slain by an acid dragon

Illustrated notes

Levels and vault maps discovered:
D:1:      dpeg_arrival_connections, layout_loops_cross,
          chequers_ecumenical_altar_simple_redux
D:2:      layout_loops_ring, dreamdust_princess_corridor
D:3:      layout_basic, minmay_misc_feat_encased, uniq_ijyb
D:4:      layout_basic, minmay_temple_entry_fiery, ebering_ghost_disaster_area,
          chequers_decorated_corner
D:5:      layout_basic, nicolae_ru_path_of_blood
D:6:      kennysheep_spiral_hall, layout_basic, serial_undead, serial_undead_b,
          serial_undead_b, serial_undead_a, serial_undead_e,
          hellmonk_ghost_happy_afterlife, uniq_sigmund
D:7:      layout_loops_ring, hangedman_abyss_or_decor_lesser_grid,
          hellmonk_guarded_unrand_gyre_and_gimble
Temple:   hellmonk_temple_divided_pantheon

Skill      XL: |  1  2  3  4  5  6  7  8 |
---------------+-------------------------+-----
Stealth        | 6 7 8 9 10 | 10.0
Fighting       | 2 3 4 5 |  5.1
Dodging        | 2 3 4 5 |  5.7
Short Blades   | 3 4 5 6 |  6.2
Invocations    | 1 2 3 |  3.6
Throwing       | |  1.9

Action                   |  1- 3 |  4- 6 |  7- 9 || total
-------------------------+-------+-------+-------++-------
Melee: Dagger            |    69 |   185 |   282 ||   536
       Bite              |     5 |    23 |    34 ||    62
       Punch             |       |     4 |     3 ||     7
  Use: Potion            |       |       |     3 ||     3
 Stab: Sleeping          |    17 |     9 |    10 ||    36
Armor: Robe              |    11 |    13 |       ||    24
       Leather armour    |       |    49 |    57 ||   106
Dodge: Dodged            |    23 |   134 |   166 ||   323
